 Dungeon Crawl Stone Soup version 0.32-a0-616-g9348d4545b (webtiles) character file.

Game seed: 5061127364231291562

72 ezpacito the Trooper (level 4, -1/35 HPs)
             Began as a Coglin Chaos Knight on Mar 5, 2024.
             Was a Plaything of Xom.
             Killed from afar by Natasha (6 damage)
             ... with a magic dart
             ... on level 2 of the Dungeon.
             The game lasted 00:01:48 (1430 turns).

ezpacito the Trooper (Coglin Chaos Knight)          Turns: 1430, Time: 00:01:48

Health: -1/35      AC:  4    Str: 14    XL:     4   Next: 25%
Magic:  4/4        EV: 11    Int: 11    God:    Xom [..*...]
Gold:   73         SH:  0    Dex: 14    Spells: 4/4 levels left

rFire   + . .        a - +0 hand axe (chaos) {Miranda}
rCold   . . .        d - +0 dagger {Dongyul}
rNeg    . . .        h - +1 leather armour {rF+}
rPois   .            (no helmet)
rElec   .            (no cloak)
rCorr   .            (no gloves)
SInv    .            (no boots)
Will    .....        (amulet unavailable)
Stlth   +            (ring unavailable)
HPRegen 0.25/turn    (ring unavailable)
MPRegen 0.09/turn    (no gizmo)

%: no passive effects
@: slowed, revving, very slow
A: off-hand wielding, slow wielding, warmup strikes, no jewellery
a: Invent Gizmo, Renounce Religion


You were on level 2 of the Dungeon.
You worshipped Xom.
You were a toy of Xom.
You visited 1 branch of the dungeon, and saw 2 of its levels.

You collected 73 gold pieces.

Inventory:

Hand Weapons
 a - a +0 hand axe of chaos (weapon) {Miranda}
 d - a +0 dagger (offhand) {Dongyul}
Armour
 h - a +1 leather armour of fire resistance (worn)
Talismans
 g - a beast talisman
Wands
 b - a wand of flame (25)
Potions
 f - a potion of brilliance


   Skills:
 * Level 3.4 Fighting
 * Level 3.2(3.3) Axes
 + Level 0.7(2.0) Polearms
 * Level 2.3 Armour
 * Level 1.6 Dodging
 + Level 0.8 Stealth
 + Level 0.6 Spellcasting
 + Level 0.2 Evocations


You had 4 spell levels left.
You didn't know any spells.
Your spell library contained the following spells:

 Spells                   Type           Power      Damage    Failure   Level
 Apportation              Tloc           0%         N/A       38%         1
 Necrotise                Necr           0%         1d4       38%         1
 Sting                    Conj/Alch      0%         1d3       38%         1
 Summon Small Mammal      Summ           0%         N/A       38%         1


Dungeon Overview and Level Annotations

Branches:
Dungeon (2/15)

Altars:
Cheibriados

Annotations:
D:2 Natasha


Innate Abilities, Weirdness & Mutations

You can wield a second weapon in your off-hand.
It takes a long time for you to wield or remove held weapons.
Your first few attacks do less damage.
You cannot equip rings or amulets.


Message History

You take 1 damage, and have 6/35 hp.
You hit the jackal with your +0 hand axe of chaos.
You burn the jackal.
The jackal is almost dead.
You hit the jackal with your +0 dagger.
You kill the jackal!
The gnoll closely misses your butterfly.
The jackal closely misses your butterfly.
You swap places.
The jackal bites you.
* * * LOW HITPOINT WARNING * * *
The gnoll closely misses your butterfly.
The jackal bites you but does no damage.
Things that are here:
a jackal corpse; an adder corpse You take 1 damage, and have 5/35 hp.
You barely miss the jackal with your +0 dagger.
You closely miss the jackal with your +0 hand axe of chaos.
The gnoll hits your butterfly with a +0 spear.
Your butterfly dies!
Your butterfly disappears in a burst of colours!
The jackal misses you. The jackal closely misses you.
The jackal bites you but does no damage.
Natasha, Servant of Life and Death comes into view.
The jackal completely misses your butterfly.
The jackal misses your butterfly.
Natasha stares at you and mumbles some strange words.
You feel yourself slow down.
Okay, then.
You aren't carrying any scrolls.
Okay, then.
Natasha mumbles some strange words.
Xom smirks.
You detect nothing.
The jackal bites you.
* * * LOW HITPOINT WARNING * * *
Natasha stares at you and mumbles some strange words.
The magic dart hits you.
You die...
Natasha curls up and begins to purr.
Xom bursts into laughter!

.......g...b#####
####.######.######
#.######......########
#.#.†bbg.####..#.....##
# #.###### .........#
#.#.######## #.......
#..........# #.......
#..bbh.....# #.......
#.....@...?# #......#
#..........# #......#
#.##.h#....... #......#
#.....######## #.##.#.#
####.## #.##.#># .5.
#.##.### ##. #.##....
#############.##.###
#.............######


You could see Natasha, a cerulean imp (summoned) and a jackal (ally target).

Vanquished Creatures
  Terence (D:2)
  A gnoll (D:2)
  An adder (D:2)
  A dart slug (D:2)
  4 endoplasms
  4 hobgoblins
  A jackal (D:2)
  A kobold (D:1)
  3 quokkas
  2 bats
  3 frilled lizards
  4 rats
26 creatures vanquished.

Notes
Turn   | Place    | Note
-------+----------+-------------------------------------------
     0 | D:1      | ezpacito the Coglin Chaos Knight began the quest for the
                  | Orb.
     0 | D:1      | Reached XP level 1. HP: 18/18 MP: 1/1
   260 | D:1      | Reached skill level 1 in Dodging
   281 | D:1      | Reached XP level 2. HP: 23/24 MP: 2/2
   993 | D:2      | Noticed Terence
   998 | D:2      | XOM: noise
  1010 | D:2      | Killed Terence
  1011 | D:2      | Reached XP level 3. HP: 10/29 MP: 3/3
  1196 | D:2      | XOM: divination: magic mapping
  1207 | D:2      | XOM: silly message
  1252 | D:2      | XOM: silly message
  1308 | D:2      | Found a snail-covered altar of Cheibriados.
  1399 | D:2      | Reached XP level 4. HP: 29/35 MP: 4/4
  1427 | D:2      | Noticed Natasha
  1430 | D:2      | XOM: divination: detect items
  1430 | D:2      | Killed from afar by Natasha

Illustrated notes

Levels and vault maps discovered:
D:1:      minmay_arrival_shoal_huts, layout_basic
D:2:      layout_basic, basic_altar, uniq_terence, uniq_natasha

Skill      XL: |  1 |
---------------+----+-----
Armour         | 2 |  2.3
Dodging        | 1 |  1.6
Fighting       | |  3.4
Axes           | |  3.2
Polearms       | |  0.7
Stealth        | |  0.8
Spellcasting   | |  0.6
Evocations     | |  0.2

Action                     |  1- 3 |  4- 6 || total
---------------------------+-------+-------++-------
  Melee: Hand axe          |    56 |    14 ||    70
         Dagger            |    55 |    14 ||    69
    Use: Potion            |     4 |       ||     4
         Scroll            |       |     2 ||     2
   Stab: Sleeping          |     2 |       ||     2
 Armour: Leather armour    |    28 |    15 ||    43
         Skin              |     1 |       ||     1
  Dodge: Dodged            |    22 |    11 ||    33

Table legend: (Time is in decaauts)
 A = Elapsed time spent in this place.
 B = Non-inter-level travel time spent in this place.
 C = Inter-level travel time spent in this place.
 D = Time resting spent in this place.
 E = Time spent auto-exploring this place.
 F = Levels seen in this place.
 G = Mean time per level.
                   A        B        C        D        E       F      G
               +--------+--------+--------+--------+--------+-----+--------+
         Total |   1438 |   1384 |     54 |      0 |   1075 |   2 |  719.0 |
       Dungeon |   1438 |   1384 |     54 |      0 |   1075 |   2 |  719.0 |
               +--------+--------+--------+--------+--------+-----+--------+

Top non-repeatable levels by time:
     D:1: 918 daAuts
     D:2: 519 daAuts
